 Dungeon Crawl Stone Soup version 0.30-a0-358-g0d69a1922f (webtiles) character file.

Game seed: 7349630393214001859

1216 KennySheep the Chiller (level 8, -1/59 (60) HPs)
             Began as a Formicid Wanderer on Nov 9, 2022.
             Was an Elder of Jiyva.
             Shot with a sling bullet by Joseph (11 damage)
             ... on level 7 of the Dungeon.
             The game lasted 00:21:52 (5473 turns).

KennySheep the Chiller (Formicid Wanderer)          Turns: 5473, Time: 00:21:53

HP:   -1/59 (60)    AC:  5    Str: 17    XL:     8   Next: 75%
MP:   14/14         EV: 10    Int: 12    God:    Jiyva [****..]
Gold: 230           SH:  0    Dex: 19    Spells: 8/15 levels left

rFire   . . .      SeeInvis +    a - +4 falchion (elec)
rCold   . . .      Faith    .    n - orb {light}
rNeg    . . .      Spirit   .    y - +0 ring mail
rPois   .          Reflect  .    (helmet unavailable)
rElec   .          Harm     .    (no cloak)
rCorr   +          Rampage  .    (no gloves)
Will    .....                    (no boots)
Stlth   +.........               f - amulet of regeneration
HPRegen 2.37/turn                (no ring)
MPRegen 0.54/turn                (no ring)

@: calling ooze, glowing, lightly drained
A: permanent stasis, dig shafts and tunnels, antennae 3, four strong arms, agile
2, translucent skin 1, engulf
a: Dig, Shaft Self, Renounce Religion, Oozemancy, Slimify


You were on level 7 of the Dungeon.
You worshipped Jiyva.
Jiyva was greatly pleased with you.
You visited 1 branch of the dungeon, and saw 7 of its levels.

You collected 230 gold pieces.

Inventory:

Hand Weapons
 a - a +4 falchion of electrocution (weapon)
 k - a +0 dagger
 z - a +0 great sword
Missiles
 j - 2 throwing nets
Armour
 c - a +0 scale mail
 n - an orb of light (worn)
 y - a +0 ring mail (worn)
Jewellery
 f - an amulet of regeneration (around neck)
 l - a ring of resist corrosion
Wands
 v - a wand of iceblast (7)
Scrolls
 g - a scroll of brand weapon {unknown}
 h - a scroll of vulnerability {unknown}
 q - a scroll of silence {unknown}
 r - a scroll of immolation {unknown}
 s - a scroll of magic mapping
 t - 2 scrolls of teleportation
 u - a scroll of torment {unknown}
 w - a scroll of identify {unknown}
 x - a scroll of amnesia {unknown}
Potions
 b - 2 potions of might
 d - a potion of mutation {unknown}
 e - a potion of lignification {unknown}
 i - a potion of ambrosia {unknown}
 m - a potion of haste {unknown}
 o - a potion of brilliance
 p - a potion of curing {unknown}


   Skills:
 + Level 4.1 Fighting
 - Level 3.2 Armour
 - Level 2.7 Stealth
 + Level 4.3 Spellcasting
 + Level 3.9 Hexes
 + Level 3.1 Summonings
 - Level 2.0 Fire Magic
 * Level 6.8 Ice Magic


You had 8 spell levels left.
You knew the following spells:

 Your Spells              Type           Power      Damage    Failure   Level
a - Freeze                Ice            76%        1d8       2%          1
b - Summon Ice Beast      Ice/Summ       14%        N/A       43%         4
c - Ensorcelled Hibernat  Hex/Ice        30%        N/A       6%          2

Your spell library contained the following spells:

 Spells                   Type           Power      Damage    Failure   Level
 Foxfire                  Conj/Fire      16%        2x1d4     26%         1
 Apportation              Tloc           4%         N/A       36%         1
 Beastly Appendage        Tmut           4%         N/A       36%         1
 Wereblood                Tmut           2%         N/A       52%         2
 Kindle Blastsparks       Fire/Tloc/Air  8%         2d10      65%         3
 Spider Form              Tmut/Pois      2%         N/A       75%         3
 Manifold Assault         Tloc           2%         N/A       98%         4
 Storm Form               Tmut/Air       1%         N/A       100%        7
 Blink                    Tloc           Unusable   N/A       N/A         2

Dungeon Overview and Level Annotations

Branches:
Dungeon (7/15)             Temple (0/1) D:4

Altars:
Dithmenos
Ru
Sif Muna
Uskayaw
Jiyva

Shops:
D:4 (

Annotations:
D:7 Joseph


Innate Abilities, Weirdness & Mutations

You cannot be hasted, slowed, berserked, paralysed or teleported.
You can dig through walls and to a lower floor.
You have a pair of large antennae on your head. (SInv)
Your four strong arms can wield two-handed weapons with a shield.
You are very agile. (Dex +8, Str/Int -2)
Your translucent skin slightly reduces your foes' accuracy. (Stealth+)
Your melee attacks may engulf your foes in ooze.


Message History

You swap places.
You hear a slurping noise.
You see here an orc corpse.
You hear a slurping noise.
You hear a slurping noise.
You hear a distant slurping noise.
You hear a distant slurping noise.
There is a stone staircase leading up, spattered with blood here.
You hear a distant slurping noise.
You hear a distant slurping noise.
Found a stone staircase leading down.
You hear a distant slurping noise.
You open the door.
There is an open door here.
There is a stone staircase leading down here.
You hear a distant slurping noise.
Joseph, a Mercenary comes into view.
He is wielding a +0 quarterstaff.
Joseph is nearby!
Joseph shouts!
Joseph unwields a +0 quarterstaff.
Joseph wields a +0 sling.
Joseph shoots a sling bullet.
The sling bullet hits you!
Activating: Oozemancy (8% risk of failure)
Press: ? - help, Dir - look around, f - activate This square is lit by a halo.
Slime begins to ooze from the nearby walls!
The walls burn Joseph!
Joseph shoots a sling bullet.
The sling bullet hits you!!
The jelly hits Joseph but does no damage.
The walls burn Joseph!
Joseph shoots a sling bullet.
The sling bullet hits you!
* * * LOW HITPOINT WARNING * * *
Okay, then.
The jelly hits Joseph but does no damage.
The walls burn Joseph!
Joseph shoots a sling bullet.
The sling bullet hits you!
* * * LOW HITPOINT WARNING * * *
The jelly barely misses Joseph.
The walls burn Joseph!
Joseph shoots a sling bullet.
The sling bullet barely misses you.
The jelly barely misses Joseph.
The walls burn Joseph!
Joseph says, "You must be punished!
Or...
I want to punish you!"
Joseph shoots a sling bullet.
The sling bullet hits you!
You die...

####...............#
#...............#
#.....###..####.#
#.....###.##
#.....##..#
#.....#..#####
#....>'........
#######.....#########
........@...#
........#####
........# ........#
........# .......@#
.......J# ........#
........#


You could see Joseph and a neutral jelly (wandering) (fellow slime).

Vanquished Creatures
  2 black bears
  2 ogres
  2 phantoms
  7 wights
  A scorpion (D:5)
  A howler monkey (D:4)
  A hound (D:4)
  A gnoll bouda (D:5)
  2 iguanas
  2 orc wizards (D:7)
  4 adders
  3 gnolls (D:5)
  An ufetubus (D:6)
  A dart slug (D:1)
  4 orcs
  6 ball pythons
  7 endoplasms
  2 giant cockroaches (D:1)
  7 hobgoblins
  7 jackals
  8 kobolds
  3 quokkas
  12 bats
  4 frilled lizards
  9 goblins
  6 rats
105 creatures vanquished.

Vanquished Creatures (others)
  3 jellies
  An orc priest (D:7)
  2 iguanas
  2 orc wizards (D:7)
  2 adders
  2 dart slugs
  An orc (D:4)
  A ball python (D:4)
  A goblin (D:4)
  A hobgoblin (D:4)
  A quokka (D:4)
  32 fungi
  2 plants (D:3)
51 creatures vanquished.

Grand Total: 156 creatures vanquished

Notes
Turn   | Place    | Note
-------+----------+-------------------------------------------
     0 | D:1      | KennySheep the Formicid Wanderer began the quest for the
                  | Orb.
     0 | D:1      | KennySheep set off with the following items: a +0 club, a
                  | potion of might, a +0 scale mail; and the following spells
                  | available to memorise: Freeze, Foxfire, Ensorcelled
                  | Hibernation, Kindle Blastsparks, Summon Ice Beast.
     0 | D:1      | Reached XP level 1. HP: 15/15 MP: 3/3
    13 | D:1      | Learned a level 1 spell: Freeze
    92 | D:1      | Reached XP level 2. HP: 19/21 MP: 1/5
   290 | D:1      | Reached skill level 1 in Summonings
   294 | D:1      | Reached XP level 3. HP: 20/26 MP: 0/6
  1479 | D:2      | Reached XP level 4. HP: 32/32 MP: 3/7
  2401 | D:3      | Learned a level 4 spell: Summon Ice Beast
  2404 | D:3      | Learned a level 2 spell: Ensorcelled Hibernation
  2477 | D:3      | Found a faded altar of an unknown god.
  2483 | D:3      | Got Plato's Discourse on the Excursion
  2484 | D:3      | Prayed at the altar of an unknown god.
  2484 | D:3      | Became a worshipper of Jiyva Jajyxt the Shapeless
  2484 | D:3      | Reached * piety under Jiyva
  2779 | D:4      | Reached ** piety under Jiyva
  2795 | D:4      | Reached XP level 5. HP: 38/38 MP: 4/9
  2817 | D:4      | Found a staircase to the Ecumenical Temple.
  2838 | D:4      | Found a hide-covered altar of Uskayaw.
  2869 | D:4      | Found a sacrificial altar of Ru.
  2894 | D:4      | Noticed a phantom
  2899 | D:4      | Killed a phantom
  2900 | D:4      | Reached skill level 1 in Stealth
  2900 | D:4      | Reached skill level 1 in Hexes
  2900 | D:4      | Reached skill level 5 in Ice Magic
  2900 | D:4      | Reached XP level 6. HP: 44/44 MP: 10/10
  2962 | D:4      | Noticed a black bear
  3008 | D:4      | Killed a black bear
  3297 | D:4      | Found a shadowy altar of Dithmenos.
  3315 | D:4      | Found Xograumn's Weapon Boutique.
  3394 | D:5      | Entered Level 5 of the Dungeon
  3403 | D:5      | Reached XP level 7. HP: 48/51 MP: 11/11
  3537 | D:5      | Reached *** piety under Jiyva
  3537 | D:5      | Gained mutation: Your melee attacks may engulf your foes in
                  | ooze. [Jiyva's grace]
  3537 | D:5      | Gained mutation: You are agile. (Dex +4, Str/Int -1)
                  | [Jiyva's grace]
  3537 | D:5      | Gained mutation: You are very agile. (Dex +8, Str/Int -2)
                  | [Jiyva's grace]
  3537 | D:5      | Gained mutation: Your translucent skin slightly reduces
                  | your foes' accuracy. (Stealth+) [Jiyva's grace]
  4029 | D:5      | Found a shimmering blue altar of Sif Muna.
  4288 | D:5      | Reached skill level 6 in Ice Magic
  4306 | D:5      | Reached XP level 8. HP: 51/58 MP: 13/13
  4357 | D:5      | Reached **** piety under Jiyva
  5465 | D:7      | Noticed Joseph
  5473 | D:7      | Shot with a sling bullet by Joseph

Illustrated notes

Levels and vault maps discovered:
D:1:      nzn_arrival_crosshair, layout_loops_cross
D:2:      layout_basic
D:3:      layout_basic, shapermc_ecumenical_altar_rom_forum
D:4:      layout_basic, mainiacjoe_overflow_catch_the_wave,
          grunt_dithmenos_smoke, minmay_temple_entry_glassed_door, serial_shops,
          nicolae_lakefront_shop, st_stairs_5
D:5:      layout_cave_pods, led_sif_book, serial_column_ruins, column_ruins_hut,
          column_ruins_grid_1, column_ruins_corridor_corner,
          column_ruins_corridor_corner, column_ruins_open_tiny,
          column_ruins_grid_1, column_ruins_open_tiny_water
D:6:      layout_basic
D:7:      layout_basic, nicolae_overflow_crystal_walls, uniq_joseph

Skill      XL: |  1  2  3  4  5  6  7  8 |
---------------+-------------------------+-----
Summonings     | 1 2 3 |  3.1
Armour         | 2 3 |  3.2
Fighting       | 2 3 4 |  4.1
Stealth        | 1 2 |  2.7
Hexes          | 1 2 3 |  3.9
Ice Magic      | 5 6 |  6.8
Spellcasting   | 3 4 |  4.3
Fire Magic     | |  2.0

Action                   |  1- 3 |  4- 6 |  7- 9 || total
-------------------------+-------+-------+-------++-------
Melee: Club              |    61 |       |       ||    61
       Punch             |     1 |       |       ||     1
       Dagger            |     4 |    29 |       ||    33
       Falchion          |       |    30 |    63 ||    93
 Cast: Freeze            |    51 |    45 |       ||    96
       Ensorcelled Hiber |       |     1 |     1 ||     2
Invok: Oozemancy         |       |       |     2 ||     2
Evoke: Wand              |       |     1 |       ||     1
  Use: Scroll            |       |     2 |       ||     2
       Potion            |       |       |     1 ||     1
 Stab: Sleeping          |       |       |     1 ||     1
Armor: Scale mail        |    84 |    63 |     8 ||   155
       Ring mail         |       |       |     6 ||     6
Dodge: Dodged            |    78 |    69 |    42 ||   189

Table legend: (Time is in decaauts)
 A = Elapsed time spent in this place.
 B = Non-inter-level travel time spent in this place.
 C = Inter-level travel time spent in this place.
 D = Time resting spent in this place.
 E = Time spent auto-exploring this place.
 F = Levels seen in this place.
 G = Mean time per level.
                   A        B        C        D        E       F      G
               +--------+--------+--------+--------+--------+-----+--------+
         Total |   5523 |   4958 |    565 |    230 |   3796 |   7 |  789.0 |
       Dungeon |   5523 |   4958 |    565 |    230 |   3796 |   7 |  789.0 |
               +--------+--------+--------+--------+--------+-----+--------+

Top non-repeatable levels by time:
     D:1: 1171 daAuts
     D:2: 1150 daAuts
     D:5: 995 daAuts
     D:4: 734 daAuts
     D:6: 680 daAuts
     D:3: 590 daAuts
     D:7: 200 daAuts
